 Dungeon Crawl Stone Soup version 0.28-a0-861-ge64d6db94f (console) character file.

Game seed: 7998415798063491842

16830 jejorda2 the Carver (level 12, -2/97 HPs)
             Began as a White Draconian Fighter on Nov 15, 2021.
             Was a High Priest of Okawaru.
             Succumbed to a swamp dragon's poison gas
             ... on level 2 of the Lair of Beasts.
             The game lasted 00:42:02 (10413 turns).

jejorda2 the Carver (White Draconian Fighter)      Turns: 10413, Time: 00:42:03

Health: -2/97      AC: 17    Str: 19    XL:     12   Next: 13%
Magic:  17/17      EV: 13    Int: 14    God:    Okawaru [*****.]
Gold:   344        SH: 10    Dex: 16    Spells: 11/11 levels left

rFire   . . .      SeeInvis .   a - +4 scimitar
rCold   + . .      Faith    .   y - +0 kite shield {AC+3}
rNeg    . . .      Spirit   .   (armour unavailable)
rPois   .          Reflect  .   B - +1 hat {Int+3}
rElec   .          Harm     .   (no cloak)
rCorr   +          Rampage  +   h - +2 pair of gloves
Will    ++...                   G - +1 pair of boots {rampage}
Stlth   ++........              g - amulet of regeneration
HPRegen 1.26/turn               k - ring of resist corrosion
MPRegen 0.15/turn               C - ring of the Mage {Wiz Will++ Int+3}

@: lethally poisoned (-2 -> -43), short of breath
A: breathe frost, AC +8, unfitting armour, cold resistance 1, cold-blooded
a: Breathe Frost, Renounce Religion, Heroism, Finesse, Duel


You were on level 2 of the Lair of Beasts.
You worshipped Okawaru.
Okawaru was extremely pleased with you.
You visited 3 branches of the dungeon, and saw 13 of its levels.

You collected 831 gold pieces.
You spent 487 gold pieces at shops.

Inventory:

Hand Weapons
 a - a +4 scimitar (weapon)
 b - a +3 short sword of freezing
Missiles
 e - 241 stones
 n - 19 poisoned darts (quivered)
 r - a boomerang of dispersal
 H - 14 curare-tipped darts
 L - 4 javelins
Armour
 h - a +2 pair of gloves (worn)
 y - a +0 kite shield of protection (worn)
 B - a +1 hat of intelligence (worn)
 G - a +1 pair of boots of rampaging (worn)
 I - a +0 buckler
Jewellery
 g - an amulet of regeneration (around neck)
 k - a ring of resist corrosion (left hand)
 C - the ring of the Mage (right hand) {Wiz Will++ Int+3}
   (You found it on level 9 of the Dungeon)

   [ring of wizardry]

   It improves your spell success rate.
   Int:       It affects your intelligence (+3).
   Will:      It greatly increases your willpower.
 E - a ring of fire
Wands
 s - a wand of iceblast (2)
 K - a wand of mindburst (13)
 M - a wand of acid (7)
 O - a wand of polymorph (8)
Scrolls
 d - a scroll of vulnerability
 f - 3 scrolls of fog
 m - 3 scrolls of immolation
 u - a scroll of holy word
 v - 5 scrolls of teleportation
 F - 2 scrolls of enchant weapon
Potions
 c - 2 potions of might
 j - a potion of invisibility
 l - 3 potions of curing
 o - a potion of cancellation {unknown}
 p - 2 potions of degeneration {unknown}
 q - 2 potions of brilliance
 t - 2 potions of ambrosia
 w - a potion of heal wounds
 x - a potion of haste
 z - a potion of mutation
 A - a potion of attraction
 D - a potion of lignification
 J - a potion of resistance {unknown}
 N - a potion of berserk rage {unknown}
Miscellaneous
 i - a phial of floods


   Skills:
 - Level 6.9 Fighting
 - Level 14.0 Long Blades
 - Level 6.9 Throwing
 * Level 6.5 Dodging
 + Level 3.0 Stealth
 + Level 4.9 Shields
 + Level 7.9 Invocations


You had 11 spell levels left.
You didn't know any spells.
Your spell library contained the following spells:

 Spells                   Type           Power      Damage    Failure   Level
 Apportation              Tloc           0%         N/A       38%         1
 Alistair's Intoxication  Tmut/Pois      0%         N/A       100%        5


Dungeon Overview and Level Annotations

Branches:
Dungeon (10/15)            Temple (1/1) D:6            Lair (2/6) D:8
  Swamp (0/4) Lair:2       Spider (0/4) Lair:2          Orc (0/2) D:10

Altars:
Ashenzari
Cheibriados
Dithmenos
Elyvilon
Fedhas
Kikubaaqudgha
Makhleb
Nemelex Xobeh
Okawaru
Qazlal
Ru
Sif Muna
Trog
Uskayaw
Vehumet
Xom
Yredelemnul
Zin
The Shining One

Shops:
D:2 *   D:5 ([:[   D:7 :


Innate Abilities, Weirdness & Mutations

You can breathe waves of freezing cold which knock back foes.
Your icy white scales are hard. (AC +8)
You cannot fit into any form of body armour.
Your flesh is cold resistant. (rC+)
You are cold-blooded and may be slowed by cold attacks.


Message History

The swamp dragon is blown backwards by the freezing wind.
You feel sick.
The water moccasin barely misses you. x2
The swamp dragon breathes poison at you.
The blast of poison engulfs you!
You are more poisoned.
You are engulfed in poison gas.
You are more poisoned.
You feel very sick.
You feel very sick. The swamp dragon barely misses you.
You block the swamp dragon's attack. x2
The water moccasin bites you but does no damage.
You slash the swamp dragon!
The swamp dragon is heavily wounded.
You feel very sick. The water moccasin misses you. The swamp dragon bites you.
The swamp dragon claws you. You block the swamp dragon's attack.
You barely miss the swamp dragon.
The swamp dragon is moderately wounded.
You feel very sick.
The water moccasin bites you but does no damage.
You slash the swamp dragon!
The swamp dragon is heavily wounded.
You feel sick. The water moccasin bites you.
* * * LOW HITPOINT WARNING * * *
You are more poisoned.
The water moccasin poisons you!
The swamp dragon breathes poison at you.
The blast of poison engulfs you.
You are more poisoned.
* * * LOW HITPOINT WARNING * * *
The water moccasin bites you but does no damage.
You are engulfed in poison gas.
You are lethally poisoned!
* * * LOW HITPOINT WARNING * * *
You feel extremely sick.
The swamp dragon breathes poison at you.
The blast of poison misses you.
You are engulfed in poison gas.
You are more poisoned.
* * * LOW HITPOINT WARNING * * *
You die...

.# ##............#.........##
≈.#
##....†........#..........P
.≈#
##P....##.##†##.÷##..P##....
≈≈#
##.....#######.#..##.#####...
≈≈###....### ###..#### #...
...P....## ###...#### ##P.
≈≈P....P# ######°○..###.###
##. ≈≈P...###
##...☼☼S☼.>......# ## .≈...##
###...☼@○D○.....[..## #
≈...##
##.#...○○○○○.°......P## ..P.#
#.#....##☼.°###.#..)..# ..†##
##....##...°# ###.....##
....# ###.....####..#
###....# ....###.....###
#..### ##...## ..#...#.[..##
#...P# ##...P ..#........##
#.○§....# #...# ..#####.....#
#.○§.....# ##...#


You could see a swamp dragon (catching breath) and a water moccasin.

Vanquished Creatures
  2 hydras
  4 death yaks (Lair:2)
  Sonja (Lair:1)
  An ice statue (D:9)
  2 cane toads (Lair:1)
  2 komodo dragons
  A kobold demonologist (D:10)
  An unseen horror (D:10)
  A hornet (D:9)
  A jumping spider (Lair:2)
  7 blink frogs
  A redback (Lair:2)
  A shadow (D:9)
  A vampire (D:9)
  3 basilisks (Lair:1)
  A wyvern (D:10)
  16 yaks
  3 steam dragons
  A warg (D:10)
  Edmund (D:6)
  2 water moccasins (Lair:1)
  An acid dragon (D:10)
  2 sky beasts (D:7)
  7 orc warriors
  3 black bears
  2 ogres
  9 wolves
  2 centaurs
  A kobold brigand (D:9)
  A scorpion (D:5)
  6 bullfrogs
  A gnoll sergeant (D:10)
  A water moccasin zombie (D:6)
  A water moccasin skeleton (D:4)
  9 wights
  7 howler monkeys
  2 lava snakes (D:7)
  2 electric eels (D:7)
  5 centaur zombies
  2 bullfrog skeletons
  8 orc priests
  4 hounds
  A centaur skeleton (D:6)
  Jessica (D:2)
  Ijyb (D:5)
  6 iguanas
  13 orc wizards
  The ghost of croobank the Sneak, a weakling DsDe of Trog (D:3)
  Robin (D:2)
  7 adders
  3 gnolls (D:10)
  2 shadow imps
  3 white imps
  2 ufetubi (D:5)
  3 worms
  A dart slug (D:4)
  34 orcs
  2 ball pythons
  8 endoplasms
  5 giant cockroaches
  15 goblins
  8 hobgoblins
  7 jackals
  2 quokkas
  3 bats (D:1)
  3 frilled lizards
  20 kobolds
  7 rats
288 creatures vanquished.

Vanquished Creatures (others)
  An iguana (Lair:2)
  A butterfly (D:5)
  8 fungi
  5 plants
15 creatures vanquished.

Grand Total: 303 creatures vanquished

Notes
Turn   | Place    | Note
-------+----------+-------------------------------------------
     0 | D:1      | jejorda2 the Draconian Fighter began the quest for the Orb.
     0 | D:1      | Reached XP level 1. HP: 19/19 MP: 1/1
    84 | D:1      | Found a faded altar of an unknown god.
   171 | D:1      | Reached XP level 2. HP: 26/26 MP: 2/2
   571 | D:1      | Reached XP level 3. HP: 31/31 MP: 3/3
  1001 | D:1      | Reached skill level 3 in Long Blades
  1044 | D:2      | Noticed Robin
  1046 | D:2      | Reached XP level 4. HP: 40/40 MP: 4/4
  1065 | D:2      | Killed Robin
  1101 | D:2      | Found Ladda's General Store.
  1207 | D:2      | Noticed Jessica
  1211 | D:2      | Killed Jessica
  1492 | D:3      | Reached XP level 5. HP: 46/46 MP: 5/5
  1561 | D:3      | Found a shadowy altar of Dithmenos.
  1636 | D:3      | Reached skill level 4 in Long Blades
  2051 | D:3      | Found a large runed translucent door.
  2051 | D:3      | Found a large runed translucent door.
  2054 | D:3      | Noticed croobank's ghost (weakling DsDe)
  2366 | D:3      | Killed croobank's ghost
  2406 | D:4      | Noticed an ogre
  2626 | D:4      | Reached XP level 6. HP: 44/53 MP: 6/6
  2631 | D:4      | Reached skill level 5 in Long Blades
  2702 | D:4      | Reached skill level 5 in Fighting
  3028 | D:5      | Entered Level 5 of the Dungeon
  3135 | D:5      | Found Eduugaom's Armour Shoppe.
  3151 | D:5      | Reached skill level 6 in Long Blades
  3151 | D:5      | Your scales start taking on an icy white colour.
  3151 | D:5      | Reached XP level 7. HP: 45/61 MP: 7/7
  3151 | D:5      | Gained mutation: Your flesh is cold resistant. (rC+) [White
                  | Draconian growth]
  3165 | D:5      | Found Atyroeh's Armour Shoppe.
  3165 | D:5      | Found Nilairor's Antique Weapon Shoppe.
  3167 | D:5      | Found Ruph's Book Shoppe.
  3200 | D:5      | Noticed Ijyb
  3286 | D:5      | Found a white marble altar of Elyvilon.
  3383 | D:5      | Reached skill level 7 in Long Blades
  3446 | D:5      | Killed Ijyb
  3704 | D:5      | Found a white marble altar of Elyvilon.
  3795 | D:5      | Found Eduugaom's Armour Shoppe.
  3800 | D:5      | Found Atyroeh's Armour Shoppe.
  3802 | D:5      | Found Nilairor's Antique Weapon Shoppe.
  3802 | D:5      | Found Ruph's Book Shoppe.
  3917 | D:5      | Bought an encrusted long sword for 263 gold pieces
  3917 | D:5      | Identified the +3 long sword of Kupsaic {pain, rN+ Int+2}
                  | (You bought it in a shop on level 5 of the Dungeon)
  3964 | D:6      | Reached XP level 8. HP: 70/70 MP: 8/8
  3970 | D:6      | Found a sacrificial altar of Ru.
  4003 | D:6      | Reached skill level 8 in Long Blades
  4278 | D:6      | Found a staircase to the Ecumenical Temple.
  4285 | Temple   | Entered the Ecumenical Temple
  4289 | Temple   | Became a worshipper of Warmaster Okawaru
  4322 | D:6      | Noticed Edmund
  4356 | D:6      | Killed Edmund
  4357 | D:6      | Reached skill level 1 in Invocations
  4726 | D:7      | Reached skill level 9 in Long Blades
  5039 | D:7      | Reached * piety under Okawaru
  5087 | D:7      | Found a hide-covered altar of Uskayaw.
  5195 | D:7      | Reached skill level 10 in Long Blades
  5195 | D:7      | Reached XP level 9. HP: 75/75 MP: 10/12
  5504 | D:7      | Found Cyna's Self-Improvement Boutique.
  5790 | D:5      | Bought a +1 hat of intelligence for 224 gold pieces
  5866 | D:8      | Found a staircase to the Lair.
  5915 | D:8      | Reached ** piety under Okawaru
  5995 | D:8      | Found a basalt altar of Yredelemnul.
  6049 | D:8      | Reached skill level 5 in Invocations
  6465 | D:9      | Reached skill level 11 in Long Blades
  6553 | D:9      | Found the ring of the Mage {Wiz Will++ Int+3}
  6611 | D:9      | Noticed an ice statue
  6625 | D:9      | Killed an ice statue
  6625 | D:9      | Reached *** piety under Okawaru
  6973 | D:9      | Reached skill level 12 in Long Blades
  6973 | D:9      | Reached XP level 10. HP: 80/83 MP: 13/15
  7282 | D:9      | Identified a scroll of acquirement
  7282 | D:9      | Acquired a +1 pair of boots of rampaging
  7468 | D:9      | Found a glowing golden altar of the Shining One.
  7685 | D:10     | Entered Level 10 of the Dungeon
  7771 | D:10     | Found a shimmering altar of Xom.
  7840 | D:10     | Reached **** piety under Okawaru
  7916 | D:10     | Found a staircase to the Orcish Mines.
  7936 | D:10     | Reached skill level 13 in Long Blades
  8129 | D:10     | Found an ancient bone altar of Kikubaaqudgha.
  8376 | D:10     | Reached skill level 1 in Throwing
  8451 | D:10     | Found a large runed translucent door.
  8452 | D:10     | Found a large runed translucent door.
  8689 | D:10     | Found a glowing silver altar of Zin.
  8708 | D:10     | Found a broken altar of Ashenzari.
  8763 | Lair:1   | Entered Level 1 of the Lair of Beasts
  8789 | Lair:1   | Noticed Sonja
  8811 | Lair:1   | Reached skill level 14 in Long Blades
  8831 | Lair:1   | Killed Sonja
  8909 | Lair:1   | Noticed a five-headed hydra
  8918 | Lair:1   | Reached ***** piety under Okawaru
  8919 | Lair:1   | Reached XP level 11. HP: 89/89 MP: 16/16
  8942 | Lair:1   | Killed a five-headed hydra
  8943 | Lair:1   | Reached skill level 5 in Throwing
  9300 | Lair:1   | Received a gift from Okawaru
  9814 | Lair:2   | Noticed an eight-headed hydra
  9824 | Lair:2   | Killed an eight-headed hydra
  9824 | Lair:2   | Received a gift from Okawaru
  9825 | Lair:2   | Reached skill level 5 in Dodging
  9825 | Lair:2   | Reached skill level 1 in Stealth
 10075 | Lair:2   | Found a hole to the Spider Nest.
 10182 | Lair:2   | Noticed a death yak
 10183 | Lair:2   | Noticed a death yak
 10201 | Lair:2   | Noticed a death yak
 10209 | Lair:2   | Killed a death yak
 10210 | Lair:2   | Noticed a death yak
 10248 | Lair:2   | Killed a death yak
 10249 | Lair:2   | Reached XP level 12. HP: 66/97 MP: 17/17
 10259 | Lair:2   | Killed a death yak
 10272 | Lair:2   | Killed a death yak
 10391 | Lair:2   | Found a staircase to the Swamp.
 10413 | Lair:2   | Succumbed to a swamp dragon's poison gas

Illustrated notes

Levels and vault maps discovered:
D:1:      lightli_arrival_chessboard, layout_loops_ring,
          ebering_ecumenical_altar_mist
D:2:      layout_rooms, serial_shops, shop, nrook_mini_backslash,
          item_on_display_a, uniq_robin, uniq_jessica
D:3:      layout_basic, grunt_dithmenos_smoke_and_mirrors,
          ebering_ghost_disaster_area, grunt_decor_junction, minmay_hedge_maze
D:4:      layout_rooms
D:5:      layout_rooms, nicolae_elyvilon_peaceful_grove,
          minmay_shop_grid_forest, hangedman_decor_opposing, uniq_ijyb
D:6:      black_bear_nest_2, layout_loops_ring, nicolae_ru_awakened_eye,
          minmay_temple_entry_statues_fountains, uniq_edmund
D:7:      layout_loops_ring, nicolae_uskayaw_suspiria, nicolae_water_bricks,
          nicolae_shop_self_help
D:8:      layout_loops_cross, mainiacjoe_overflow_alcove_4, lair_entry_dummy
D:9:      layout_loops_corners, mainiacjoe_overflow_cross_hatched,
          grunt_ministairs_6, minivault_15, fungi_pond_lemuel, st_stairs_8
D:10:     layout_loops_corners, lemuel_zombie_altar_kikubaaqudgha,
          mainiacjoe_overflow_small_starburst, jmf_multi_god_temple2,
          david_orc_3
Temple:   nicolae_temple_x_marks_the_god
Lair:1:   layout_roguey, grunt_megastairs_3, uniq_sonja
Lair:2:   layout_concentric_octagons, minmay_swamp_entry_reptiles,
          spider_nest_entry_a, infiniplex_staircase_pool

Skill      XL: |  1  2  3  4  5  6  7  8  9 10 11 12 |
---------------+-------------------------------------+-----
Long Blades    | 3 4 6 7 10 12 14 | 14.0
Shields        | 4 |  4.9
Fighting       | 4 5 6 |  6.9
Invocations    | 4 6 7 |  7.9
Throwing       | 4 6 |  6.9
Dodging        | 6 |  6.5
Stealth        | 2 3 |  3.0

Action                   |  1- 3 |  4- 6 |  7- 9 | 10-12 || total
-------------------------+-------+-------+-------+-------++-------
Melee: Long sword        |   113 |   167 |   310 |    73 ||   663
       Tailslap          |    11 |    17 |    43 |    87 ||   158
       Scimitar          |       |       |       |   404 ||   404
       Short sword       |       |       |       |    18 ||    18
Throw: Stone             |       |     2 |       |       ||     2
       Dart              |       |     4 |    11 |    54 ||    69
       Javelin           |       |       |       |     5 ||     5
Invok: Heroism           |       |       |     2 |    10 ||    12
       Finesse           |       |       |       |     1 ||     1
 Abil: Breathe Frost     |       |       |    19 |    14 ||    33
Evoke: Wand              |       |     2 |     4 |       ||     6
  Use: Scroll            |       |     8 |    11 |     3 ||    22
       Potion            |       |       |     2 |     1 ||     3
 Stab: Sleeping          |       |     1 |     1 |       ||     2
Armor: Skin              |    40 |    57 |    95 |   143 ||   335
Dodge: Dodged            |    74 |    85 |   151 |   185 ||   495
Block: Buckler           |    23 |    38 |    57 |    67 ||   185
       Kite shield       |       |       |       |    47 ||    47

Table legend: (Time is in decaauts)
 A = Elapsed time spent in this place.
 B = Non-inter-level travel time spent in this place.
 C = Inter-level travel time spent in this place.
 D = Time resting spent in this place.
 E = Time spent auto-exploring this place.
 F = Levels seen in this place.
 G = Mean time per level.
                   A        B        C        D        E       F      G
               +--------+--------+--------+--------+--------+-----+--------+
         Total |  10323 |   9694 |    629 |    363 |   6911 |  13 |  794.1 |
       Dungeon |   8755 |   8171 |    584 |    355 |   5877 |  10 |  875.5 |
        Temple |      8 |      1 |      7 |      0 |      0 |   1 |    8.0 |
          Lair |   1559 |   1522 |     37 |      8 |   1034 |   2 |  779.5 |
               +--------+--------+--------+--------+--------+-----+--------+

Top non-repeatable levels by time:
     D:9: 1194 daAuts
     D:3: 1176 daAuts
     D:7: 1027 daAuts
    D:10: 1020 daAuts
  Lair:1: 939 daAuts
     D:5: 915 daAuts
     D:6: 887 daAuts
     D:1: 866 daAuts
  Lair:2: 620 daAuts
     D:8: 619 daAuts
     D:2: 530 daAuts
     D:4: 517 daAuts
  Temple: 8 daAuts
